 Dungeon Crawl Stone Soup version 0.30-a0-691-g754fce4c43 (webtiles) character file.

Game seed: 1834048750090498931

165 Absynth the Trooper (level 5, -1/47 HPs)
             Began as a Minotaur Fighter on Jan 19, 2023.
             Succumbed to an orc wizard's poison
             ... on level 3 of the Dungeon.
             The game lasted 00:05:40 (2074 turns).

Absynth the Trooper (Minotaur Fighter)              Turns: 2074, Time: 00:05:41

Health: -1/47      AC:  9    Str: 22    XL:     5   Next: 22%
Magic:  4/4        EV:  9    Int:  4    God:
Gold:   162        SH:  5    Dex: 13    Spells: 4/4 levels left

rFire   . . .      SeeInvis .    a - +0 flail
rCold   . . .      Faith    .    c - +0 buckler
rNeg    . . .      Spirit   .    b - +0 scale mail
rPois   .          Reflect  .    (helmet restricted)
rElec   .          Harm     .    (no cloak)
rCorr   .          Rampage  .    o - +1 pair of gloves
Will    .....                    (no boots) Stlth
                                 (no amulet)
HPRegen 0.27/turn                (no ring)
MPRegen 0.09/turn                (no ring)

@: lethally poisoned (-1 -> -9)
A: horns 2, retaliatory headbutt, agile 1
a: no special abilities


You were on level 3 of the Dungeon.
You visited 1 branch of the dungeon, and saw 3 of its levels.

You collected 162 gold pieces.

Inventory:

Hand Weapons
 a - a +0 flail (weapon)
Missiles
 h - a throwing net
 n - 6 poisoned darts (quivered)
Armour
 b - a +0 scale mail (worn)
 c - a +0 buckler (worn)
 o - a +1 pair of gloves (worn)
Scrolls
 e - 5 scrolls of identify {unknown}
 f - a scroll of brand weapon {unknown}
 g - a scroll of fog {unknown}
 i - a scroll of poison {unknown}
 l - a scroll of torment {unknown}
 m - a scroll of teleportation {unknown}
 p - a scroll of immolation {unknown}
Potions
 d - a potion of might
 j - a potion of lignification
 k - a potion of curing {unknown}


   Skills:
 + Level 4.6 Fighting
 * Level 4.5 Maces & Flails
 + Level 4.5 Armour
 + Level 4.5 Shields


You had 4 spell levels left.
You didn't know any spells.
Your spell library was empty.

Dungeon Overview and Level Annotations

Branches:
Dungeon (3/15)

Altars:
Dithmenos


Innate Abilities, Weirdness & Mutations

You have a pair of horns on your head.
You reflexively headbutt those who attack you in melee.
You are agile. (Dex +4, Str/Int -1)


Message History

The orc wizard is moderately wounded.
You feel very sick.
The orc wizard gestures at you while chanting.
The puff of flame hits you but does no damage.
The orc wizard barely misses you.
You feel sick.
The orc wizard gestures at you while chanting.
The magic dart hits you.
You feel very sick.
The orc wizard hits you but does no damage.
You closely miss the orc wizard. Your headbutt misses the orc wizard.
The orc wizard is moderately wounded.
You feel sick. The orc wizard barely misses you.
You miss the orc wizard.
You headbutt the orc wizard, but do no damage.
The orc wizard is moderately wounded.
You feel sick.
The orc wizard hits you with a +2 dagger of venom.
You are more poisoned.
You bump into the rock wall.
You feel sick.
The orc wizard hits you with a +2 dagger of venom.
* * * LOW HITPOINT WARNING * * *
You are lethally poisoned!
* * * LOW HITPOINT WARNING * * *
You feel very sick. The orc wizard misses you.
You feel less confused.
* * * LOW HITPOINT WARNING * * *
You feel very sick. The orc wizard misses you.
There is a stone staircase leading up here.
You sock the orc wizard!
The orc wizard is almost dead.
* * * LOW HITPOINT WARNING * * *
You feel very sick.
The orc wizard hits you with a +2 dagger of venom.
* * * LOW HITPOINT WARNING * * *
You sock the orc wizard!
You kill the orc wizard!
You die...

..§..._..........
....§........####
####§§§..§.§.### #.
#..##§§)..§§## ...
#######..###§.§§§# ### # ...
.........####§.§####.. ##
#.#########......§§§#
.....#.
#...........).......#
.....#.
###.....#...@#......#
....... #.....#.####.....##
#. #.....#....####### #.
##.##.#........# #.
...#<.#...)....# ######.
########.÷..)...######...##.
#.........................
#.###.##############...###
#†#.....................#.


There were no monsters in sight!

Vanquished Creatures
  An orc wizard (D:3)
  Natasha (thrice) (D:2)
  2 adders (D:2)
  2 worms (D:2)
  A dart slug (D:2)
  2 orcs (D:3)
  6 ball pythons
  8 endoplasms
  4 giant cockroaches
  6 goblins
  3 hobgoblins
  4 jackals
  A quokka (D:2)
  10 bats
  A frilled lizard (D:1)
  3 kobolds
  6 rats
63 creatures vanquished.

Notes
Turn   | Place    | Note
-------+----------+-------------------------------------------
     0 | D:1      | Absynth the Minotaur Fighter began the quest for the Orb.
     0 | D:1      | Reached XP level 1. HP: 19/19 MP: 0/0
   104 | D:1      | Reached XP level 2. HP: 24/27 MP: 1/1
   594 | D:1      | Reached XP level 3. HP: 33/33 MP: 2/2
  1231 | D:2      | Gained mutation: You are agile. (Dex +4, Str/Int -1)
                  | [potion of mutation]
  1232 | D:2      | HP: 1/33 [poisoned by a goblin]
  1472 | D:2      | Reached XP level 4. HP: 40/40 MP: 3/3
  1474 | D:2      | Noticed Natasha
  1482 | D:2      | Killed Natasha
  1577 | D:2      | Noticed Natasha
  1586 | D:2      | Killed Natasha
  1803 | D:2      | Noticed Natasha
  1807 | D:2      | Killed Natasha
  1808 | D:2      | Reached XP level 5. HP: 47/47 MP: 4/4
  1855 | D:3      | Found a shadowy altar of Dithmenos.
  2073 | D:3      | HP: 2/47 [poisoned by an orc wizard]
  2074 | D:3      | Succumbed to an orc wizard's poison

Illustrated notes

Levels and vault maps discovered:
D:1:      sevenhm_arrival_forest_fort_small_3, layout_basic,
          minmay_misc_feat_four_crosses, nicolae_concentric_dashed_squares_mild
D:2:      layout_loops_ring, dk_noncrumbling_2, kennysheep_big_empty_room,
          minmay_pentomino_v2, uniq_natasha
D:3:      layout_basic, nicolae_dithmenos_the_darkroom

Skill      XL: |  1  2  3  4 |
---------------+-------------+-----
Maces & Flails | 3 4 |  4.5
Shields        | 4 |  4.5
Armour         | 4 |  4.5
Fighting       | 4 |  4.6

Action                   |  1- 3 |  4- 6 || total
-------------------------+-------+-------++-------
Melee: Flail             |    80 |    60 ||   140
       Headbutt          |    11 |     5 ||    16
Throw: Dart              |     3 |       ||     3
  Use: Potion            |     3 |       ||     3
Armor: Scale mail        |    23 |    45 ||    68
       Skin              |     5 |       ||     5
Dodge: Dodged            |    48 |    28 ||    76
Block: Buckler           |    14 |    14 ||    28

Table legend: (Time is in decaauts)
 A = Elapsed time spent in this place.
 B = Non-inter-level travel time spent in this place.
 C = Inter-level travel time spent in this place.
 D = Time resting spent in this place.
 E = Time spent auto-exploring this place.
 F = Levels seen in this place.
 G = Mean time per level.
                   A        B        C        D        E       F      G
               +--------+--------+--------+--------+--------+-----+--------+
         Total |   2108 |   2036 |     72 |    125 |   1339 |   3 |  702.7 |
       Dungeon |   2108 |   2036 |     72 |    125 |   1339 |   3 |  702.7 |
               +--------+--------+--------+--------+--------+-----+--------+

Top non-repeatable levels by time:
     D:2: 947 daAuts
     D:1: 897 daAuts
     D:3: 264 daAuts
